 Dungeon Sprint DCSS version 0.21-a0-221-gfe971b9 (webtiles) character file.

1499 potatolord6000 the Cleaver (level 8, -16/83 HPs)
             Began as a Hill Orc Fighter on Aug 24, 2017.
             Was a Priest of Beogh.
             Demolished by an orc knight
             ... wielding a +1 long sword of freezing
              (21 damage)
             ... in the Dungeon (Sprint III: "The Ten Rune Challenge").
             The game lasted 00:04:30 (693 turns).

potatolord6000 the Cleaver (Hill Orc Fighter)        Turns: 693, Time: 00:04:32

Health: -16/83     AC: 10    Str: 21    XL:     8   Next: 81%
Magic:  8/8        EV:  9    Int:  8    God:    Beogh [***...]
Gold:   51         SH: 16    Dex: 10    Spells: 7/7 levels left

rFire    . . .     SeeInvis .   a - +0 war axe
rCold    . . .     Gourm    .   c - +0 shield
rNeg     . . .     Faith    .   b - +0 scale mail
rPois    .         Spirit   .   (no helmet)
rElec    .         Reflect  .   m - +0 cloak
rCorr    .         Harm     .   (no gloves)
MR       .....     NoTele   +   (no boots)
Stlth    ..........             (no amulet)
HPRegen  0.23/turn              (no ring)
MPRegen  0.11/turn              (no ring)

@: no status effects
A: talons 1, large bone plates 1
a: Smiting, Renounce Religion


You were in the Dungeon.
You worshipped Beogh.
Beogh was most pleased with you.
You were not hungry.

You visited 1 branch You collected 51 gold pieces.

Inventory:

Hand Weapons
 a - a +0 war axe (weapon)
Armour
 b - a +0 scale mail (worn)
 c - a +0 shield (worn)
 m - a +0 cloak (worn)
Scrolls
 k - a scroll of blinking
 n - a scroll of immolation {unknown}
 o - 3 scrolls of identify
 p - 4 scrolls of remove curse
 s - a scroll of torment {unknown}
Potions
 i - 2 potions of magic
 l - a potion of brilliance {unknown}
 r - 3 potions of flight
 t - 4 potions of mutation
Books
 d - a book of Alchemy

   Spells                             Type                      Level
   a - Sublimation of Blood           Necromancy                   2
   b - Ignite Poison                  Fire/Transmutation/Poison    3
   c - Petrify                        Transmutation/Earth          4
   d - Alistair's Intoxication        Transmutation/Poison         5
   e - Irradiate                      Conjuration/Transmutation    5
Comestibles
 f - a bread ration
 h - a royal jelly
 q - 7 fruits


   Skills:
 + Level 11.9 Fighting
 + Level 12.3 Axes
 + Level 11.0 Armour
 + Level 10.9 Shields


You had 7 spell levels left.
You didn't know any spells.

Dungeon Overview and Level Annotations

Branches:
Dungeon (1/1)

Altars:
Dithmenos
Elyvilon
Kikubaaqudgha
Okawaru
Ru
Sif Muna
Trog
Uskayaw
Vehumet
Wu Jian
Yredelemnul
Zin
The Shining One
Beogh

Shops:
D [


Innate Abilities, Weirdness & Mutations

You have sharp toenails.
You are partially covered in large bone plates. (SH +4)


Message History

You block the orc high priest's attack.
An orc priest comes into view. It is wielding a mace.
Unknown command.
Unknown command.
You hit the orc high priest. You claw the orc high priest.
The orc high priest is lightly wounded.
You hit the orc knight but do no damage.
You block the orc warrior's attack. You block the orc high priest's attack.
The orc knight roars a battlecry!
The orc priest goes into a battle-frenzy!
The orc priest begins to cast a cantrip, but forgets the words!
Unknown command.
You slash the orc high priest!
You claw the orc high priest, but do no damage.
The orc high priest is moderately wounded.
You hit the orc knight. You block the orc warrior's attack.
The orc priest moves out of view.
The orc knight hits you with a long sword of freezing!!
You die...
Beogh appreciates the orc knight's killing of a heretic priest.

▓▓▓ ▓▓ ♣.############
$#####
♣♣.#___#___#__##∩$#$.#$
♣..#)..#__.#/_#o.oo....
♣♣..###'#'###)##oo.oo...
♣...#..........#ooo.o...
♣♣..+.⌠........#@#
≈♣..#...######'#.#
....#.⌠.# #...#'######
....#...# #...#....#.#
....#'### #...##.#).#.#
....#.).# #...'##)#.#.#
....#___# +...#..)#..#.
▓▓▓▓▓▓▓▓▓ ▓▓▓▓▓▓▓▓▓▓▓▓▓▓


You could see an orc knight, an orc high priest, 2 orc warriors, an orc priest
and 6 orcs.

Vanquished Creatures
  A deep elf mage (D)
  A shadow (D)
  An orc warrior (D)
  A necrophage (D)
  3 two-headed ogres (D)
  A water elemental (D)
  Crazy Yiuf (D)
  A jelly (D)
  An orc priest (D)
  Jessica (D)
  A wizard (D)
  A necromancer (D)
  A kobold demonologist (D)
  3 humans (D)
  An ooze (D)
  An orc (D)
  2 rats (D)
22 creatures vanquished.

Vanquished Creatures (others)
  2 draconian scorchers (D)
  A yaktaur (D)
  6 hellions (D)
  An electric eel (D)
  5 plants (D)
15 creatures vanquished.

Grand Total: 37 creatures vanquished

Notes
Turn   | Place    | Note
-------+----------+-------------------------------------------
     0 | D        | potatolord6000 the Hill Orc Fighter began the quest for the Orb.
     0 | D        | Reached XP level 1. HP: 19/19 MP: 1/1
     6 | D        | Reached skill level 3 in Axes
    15 | D        | Noticed Jessica
    17 | D        | Killed Jessica
    17 | D        | Reached skill level 5 in Fighting
    17 | D        | Reached skill level 4 in Axes
    17 | D        | Reached XP level 2. HP: 29/29 MP: 2/2
    17 | D        | Reached XP level 3. HP: 36/36 MP: 3/3
    45 | D        | Killed a yaktaur
    48 | D        | Reached skill level 5 in Axes
    48 | D        | Reached skill level 5 in Armour
    48 | D        | Reached skill level 5 in Shields
    57 | D        | Noticed Crazy Yiuf
    64 | D        | Killed Crazy Yiuf
    64 | D        | Reached XP level 4. HP: 26/44 MP: 4/4
    80 | D        | Killed a hellion
    94 | D        | Gained mutation: You have sharp toenails. [potion of mutation]
    94 | D        | Gained mutation: You are partially covered in large bone plates. (SH +4) [potion of mutation]
   101 | D        | Killed a hellion
   101 | D        | Killed a hellion
   103 | D        | Killed a hellion
   153 | D        | Killed a hellion
   155 | D        | Killed a hellion
   184 | D        | Killed a white draconian scorcher
   184 | D        | Killed a white draconian scorcher
   187 | D        | Noticed a water elemental
   193 | D        | Killed a water elemental
   193 | D        | Reached skill level 7 in Axes
   193 | D        | Reached XP level 5. HP: 52/52 MP: 5/5
   200 | D        | Found a radiant altar of Vehumet.
   200 | D        | Found a deep blue altar of Sif Muna.
   200 | D        | Found an ancient bone altar of Kikubaaqudgha.
   222 | D        | Found a glowing silver altar of Zin.
   222 | D        | Found a glowing golden altar of the Shining One.
   222 | D        | Found a white marble altar of Elyvilon.
   223 | D        | Noticed a deep elf mage
   228 | D        | Killed a deep elf mage
   228 | D        | Reached skill level 10 in Fighting
   228 | D        | Reached skill level 10 in Axes
   228 | D        | Reached XP level 6. HP: 66/66 MP: 6/6
   228 | D        | Reached XP level 7. HP: 72/72 MP: 7/7
   236 | D        | Found an ornate altar of the Wu Jian Council.
   236 | D        | Found a roughly hewn altar of Beogh.
   236 | D        | Found an iron altar of Okawaru.
   236 | D        | Found a bloodstained altar of Trog.
   236 | D        | Found a hide-covered altar of Uskayaw.
   236 | D        | Noticed a human
   237 | D        | Noticed a human
   242 | D        | Killed a human
   245 | D        | Killed a human
   245 | D        | Reached skill level 11 in Axes
   245 | D        | Reached skill level 10 in Armour
   245 | D        | Reached XP level 8. HP: 67/81 MP: 8/8
   253 | D        | Became a worshipper of Beogh the Brigand
   263 | D        | Found a basalt altar of Yredelemnul.
   263 | D        | Found a shadowy altar of Dithmenos.
   263 | D        | Found a sacrificial altar of Ru.
   266 | D        | Reached skill level 10 in Shields
   278 | D        | Noticed a shadow
   283 | D        | Reached * piety under Beogh
   287 | D        | Killed a shadow
   492 | D        | Reached ** piety under Beogh
   492 | D        | Reached skill level 12 in Axes
   677 | D        | Found Hexitwau's Antique Armour Boutique.
   680 | D        | Noticed an orc high priest
   680 | D        | Noticed an orc knight
   689 | D        | Reached *** piety under Beogh
   691 | D        | HP: 4/83 [orc knight/long sword of freezing (1)]
   693 | D        | Demolished by an orc knight

Vault maps used:
D:        dungeon_sprint_mu

Skill      XL: |  1  2  3  4  5  6  7  8 |
---------------+-------------------------+-----
Fighting       | 5 6 7 10 11 | 11.9
Axes           | 4 5 7 10 11 12 | 12.3
Armour         | 4 5 6 9 10 11 | 11.0
Shields        | 4 5 6 9 10 | 10.9

Action                   |  1- 3 |  4- 6 |  7- 9 || total
-------------------------+-------+-------+-------++-------
Melee: War axe           |    17 |    13 |    42 ||    72
       Kick              |       |     4 |    17 ||    21
  Use: Potion            |       |     3 |     5 ||     8
Armor: Scale mail        |     6 |     2 |     3 ||    11
Dodge: Dodged            |     6 |     1 |    10 ||    17
Block: Shield            |     7 |     3 |    35 ||    45

Table legend:
 A = Spawn XP
 B = Non-spawn XP
 C = Spawn XP percentage of total XP
 D = Spawn monster count
 E = Non-spawn monster count
 F = Spawn count percentage of total count
 G = Total turns spent on level
                    A         B        C        D         E        F      G
               +---------+---------+-------+---------+---------+-------+---------
         Total |       0 |    2142 |   0.0 |       0 |      22 |   0.0 |   693
               +---------+---------+-------+---------+---------+-------+---------
             D |       0 |    2142 |   0.0 |       0 |      22 |   0.0 |   693
               +---------+---------+-------+---------+---------+-------+---------
